 Dungeon Crawl Stone Soup version 0.32-a0-361-g289a535e89 (webtiles) character file.

Game seed: 12926386526677864958

6194 n00bmints the Basher (level 10, -10/91 HPs)
             Began as a Minotaur Berserker on Feb 19, 2024.
             Was a Believer of Trog.
             Mangled by an orc warlord
             ... wielding a +0 war axe
              (13 damage)
             ... on level 1 of the Orcish Mines.
             The game lasted 00:40:23 (9142 turns).

n00bmints the Basher (Minotaur Berserker)           Turns: 9142, Time: 00:40:23

Health: -10/91     AC: 15    Str: 26    XL:     10   Next: 61%
Magic:  9/9        EV: 15    Int:  4    God:    Trog [**....]
Gold:   544        SH:  0    Dex: 10    Spells: 9/9 levels left

rFire   . . .        y - +0 morningstar
rCold   . . .        (no shield)
rNeg    . . .        D - +2 chain mail {Will+}
rPois   +            (helmet restricted)
rElec   .            b - +0 cloak {rPois}
rCorr   .            (no gloves)
SInv    .            (no boots)
Will    +++..        C - amulet of faith
Stlth   x              - +5 ring of evasion
HPRegen 1.35/turn    (no ring)
MPRegen 0.11/turn

%: faith
@: strong-willed, regenerating
A: horns 2, retaliatory headbutt
a: Renounce Religion, Berserk, Trog's Hand


You were on level 1 of the Orcish Mines.
You worshipped Trog.
Trog was pleased with you.
You visited 2 branches of the dungeon, and saw 10 of its levels.

You collected 544 gold pieces.

Inventory:

Hand Weapons
 y - a +0 morningstar (weapon)
Armour
 b - a +0 cloak of poison resistance (worn)
 D - a +2 chain mail of willpower (worn)
Jewellery
 x - a +5 ring of evasion (left hand)
 C - an amulet of faith (around neck)
Talismans
 r - a blade talisman
Scrolls
 c - 2 scrolls of blinking {unknown}
 d - a scroll of immolation
 f - 2 scrolls of poison
 h - 2 scrolls of fog
 i - 2 scrolls of vulnerability
 j - a scroll of noise {unknown}
 n - 3 scrolls of teleportation
 t - 2 scrolls of butterflies {unknown}
 u - 2 scrolls of enchant armour {unknown}
 A - 2 scrolls of revelation
 E - a scroll of enchant weapon {unknown}
 F - a scroll of amnesia {unknown}
Potions
 a - a potion of resistance {unknown}
 e - 5 potions of curing {unknown}
 g - a potion of invisibility {unknown}
 k - 2 potions of mutation {unknown}
 l - 2 potions of attraction {unknown}
 m - 2 potions of brilliance {unknown}
 o - a potion of haste {unknown}
 q - a potion of heal wounds {unknown}
 s - 2 potions of berserk rage {unknown}
 v - 2 potions of ambrosia {unknown}
 z - 2 potions of lignification {unknown}
 B - 3 potions of enlightenment {unknown}
Miscellaneous
 H - a tin of tremorstones (2/2)


   Skills:
 + Level 9.6 Fighting
 + Level 13.8 Maces & Flails
 + Level 10.1 Armour
 + Level 4.1 Dodging
 + Level 0.4 Stealth


You had 9 spell levels left.
You didn't know any spells.
Your spell library was empty.

Dungeon Overview and Level Annotations

Branches:
Dungeon (9/15)             Temple (0/1) D:7            Lair (0/5) D:9
    Orc (1/2) D:9

Altars:
Ashenzari
Cheibriados
Dithmenos
Elyvilon
Hepliaklqana
Kikubaaqudgha
Nemelex Xobeh
Okawaru
Qazlal
Ru
Trog
Uskayaw
Wu Jian
Xom
Zin

Shops:
D:2 :   D:6 ?   D:9 :

Annotations:
Orc:1 Urug


Innate Abilities, Weirdness & Mutations

You have a pair of horns on your head.
You reflexively headbutt those who attack you in melee.


Message History

The orcs go into a battle-frenzy!
The orc closely misses you. x2; You furiously retaliate!
You headbutt the orc!
You kill the orc!
Trog accepts your kill.
Your skin crawls.
You feel strong-willed. The warg bites you but does no damage.
The orc hits you but does no damage. The troll misses you.
You furiously retaliate!
You headbutt the troll!
The troll claws you but does no damage. x2
The orc warlord hits you with a +0 war axe!!
The orc closely misses you.
The orc sorcerer is engulfed in poison gas.
The orc sorcerer is poisoned.
Urug is engulfed in poison gas.
Urug is poisoned.
As you read the scroll of immolation, it crumbles to dust.
The creatures around you are filled with an inner flame!
Flame seeps out of Urug.
The warg bites you. The orc closely misses you. You furiously retaliate!
You headbutt the orc! Trog accepts your kill.
The orc explodes!
The fiery explosion engulfs the warg.
Flame seeps out of the warg.
The warg is lightly wounded.
The fiery explosion engulfs the orc warlord!!
Flame seeps out of the orc warlord.
The orc warlord is moderately wounded.
The fiery explosion engulfs the orc!!
Trog accepts your kill. The fiery explosion engulfs you!!
The fiery explosion engulfs the ogre!!
Trog accepts your kill.
The ogre explodes!
The orc explodes!
The fiery explosion engulfs you!!
* * * LOW HITPOINT WARNING * * *
The troll barely misses you. The troll claws you.
* * * LOW HITPOINT WARNING * * *
The troll closely misses you.
The orc priest invokes the aid of Beogh against you.
Beogh smites you!
* * * LOW HITPOINT WARNING * * *
The troll barely misses you.
The troll claws you but does no damage. x2
The orc warlord hits you with a +0 war axe!
You die...

§§§#§§§§§§§
§§§§§§§§§§#
§§§§§§§o§§##
§§§§§§#§§§§ #
§§4§K§§§§§#§##
§.§4§§§§§§§§§#
.ooo§§o§§§§§§#
§oo§§hh@§§§§#
§.o§§§TT§§§§§§§
§§§§ooKo§§§§§§§
§§§oo§§§§o§§§§#
§§§§§§§§§§§.§§§
§§o§§§§§§§§#§§§
§§§§§§§§§§§§§o§
§§§§§§§§§§§§§§§


You could see an orc warlord (inner flame), Urug (inner flame, strong,
poisoned), an ice devil (summoned, inner flame), a rust devil (summoned, inner
flame), 2 kobold blastminers, 2 trolls, 2 wargs, 2 orc sorcerers, 5 orc
warriors, an orc priest (inner flame, strong), an orc wizard (inner flame,
strong) and 5 orcs.

Vanquished Creatures
  Maggie (D:6)
  A troll (D:9)
  Prince Ribbit (D:6)
  A dream sheep (D:8)
  Sigmund (D:3)
  4 yaks (D:9)
  A steam dragon (D:7)
  Grum (D:9)
  3 water moccasins
  7 orc warriors
  A sky beast (D:7)
  3 black bears
  2 ice beasts
  2 wolves (D:9)
  2 centaurs
  2 ogres
  2 kobold brigands
  4 bullfrogs
  A gnoll sergeant (D:9)
  A scorpion (D:4)
  4 wights (D:7)
  4 killer bees (D:9)
  4 howler monkeys
  2 bombardier beetles (D:5)
  5 jellies
  2 hounds
  Crazy Yiuf (D:3)
  6 orc priests
  A gnoll bouda (D:8)
  Natasha (twice) (D:4)
  5 iguanas
  13 orc wizards
  5 adders
  8 gnolls
  3 white imps
  4 ufetubi (D:5)
  3 dart slugs
  4 ribbon worms
  35 orcs
  11 endoplasms
  5 giant cockroaches
  9 goblins
  7 hobgoblins
  4 quokkas
  8 ball pythons
  2 bats
  2 frilled lizards
  12 kobolds
  7 rats
219 creatures vanquished.

Vanquished Creatures (others)
  An orc (D:7)
1 creature vanquished.

Grand Total: 220 creatures vanquished

Notes
Turn   | Place    | Note
-------+----------+-------------------------------------------
     0 | D:1      | n00bmints the Minotaur Berserker began the quest for the
                  | Orb.
     0 | D:1      | Reached XP level 1. HP: 19/19 MP: 0/0
    46 | D:1      | Reached XP level 2. HP: 24/27 MP: 1/1
    99 | D:1      | Reached skill level 4 in Maces & Flails
   104 | D:1      | Found a faded altar of an unknown god.
   256 | D:1      | Reached XP level 3. HP: 33/33 MP: 2/2
   650 | D:2      | Reached ** piety under Trog
   761 | D:2      | Found a hide-covered altar of Uskayaw.
   766 | D:2      | Found Ujegih's Book Shoppe.
   867 | D:2      | Reached XP level 4. HP: 38/41 MP: 3/3
  1077 | D:2      | Reached skill level 5 in Maces & Flails
  1570 | D:3      | Noticed Sigmund
  1593 | D:3      | Killed Sigmund
  1594 | D:3      | Reached skill level 5 in Fighting
  1594 | D:3      | Reached skill level 6 in Maces & Flails
  1594 | D:3      | Reached XP level 5. HP: 30/48 MP: 4/4
  1594 | D:3      | Reached XP level 6. HP: 35/56 MP: 5/5
  1827 | D:3      | Found a runed translucent door.
  1828 | D:3      | Noticed Crazy Yiuf
  1846 | D:3      | Killed Crazy Yiuf
  2156 | D:4      | Noticed Natasha
  2165 | D:4      | Killed Natasha
  2506 | D:4      | Reached skill level 7 in Maces & Flails
  2652 | D:4      | Noticed Natasha
  2655 | D:4      | Killed Natasha
  2656 | D:4      | Reached XP level 7. HP: 60/61 MP: 6/6
  2901 | D:4      | Identified the +8 spear "Sior" {antimagic, +Blink rF- rN+++
                  | Str-2}
  3106 | D:5      | Entered Level 5 of the Dungeon
  3123 | D:5      | Found an iron altar of Okawaru.
  3186 | D:5      | Reached skill level 8 in Maces & Flails
  3186 | D:5      | Reached skill level 5 in Armour
  3389 | D:5      | Found an ornate altar of the Wu Jian Council.
  3391 | D:5      | Found a white marble altar of Elyvilon.
  3392 | D:5      | Found a hide-covered altar of Uskayaw.
  3398 | D:5      | Found a sacrificial altar of Ru.
  3401 | D:5      | Found a shadowy altar of Dithmenos.
  3405 | D:5      | Found a glowing silver altar of Zin.
  3408 | D:5      | Found a sparkling altar of Nemelex Xobeh.
  3409 | D:5      | Found a broken altar of Ashenzari.
  3810 | D:5      | Reached XP level 8. HP: 70/70 MP: 7/7
  4173 | D:6      | Reached skill level 9 in Maces & Flails
  4263 | D:6      | Found a shimmering altar of Xom.
  4359 | D:6      | Noticed Maggie
  4372 | D:6      | Killed Maggie
  4373 | D:6      | Reached skill level 10 in Maces & Flails
  4422 | D:6      | Found Liqidow's Magic Scroll Boutique.
  4526 | D:6      | Noticed Prince Ribbit
  4560 | D:6      | Killed Prince Ribbit
  4615 | D:6      | You fall into a shaft and drop 3 floors!
  4788 | D:9      | Reached XP level 9. HP: 70/79 MP: 8/8
  4831 | D:9      | Noticed Grum
  4840 | D:9      | Killed Grum
  4841 | D:9      | Reached skill level 11 in Maces & Flails
  5183 | D:8      | Found an ancient bone altar of Kikubaaqudgha.
  5203 | D:8      | Reached skill level 12 in Maces & Flails
  5443 | D:8      | Found a stormy altar of Qazlal.
  5443 | D:8      | Found a bloodstained altar of Trog.
  6066 | D:7      | Found a staircase to the Ecumenical Temple.
  6191 | D:7      | Reached XP level 10. HP: 80/90 MP: 9/9
  6783 | D:6      | Reached skill level 13 in Maces & Flails
  6940 | D:6      | Reached *** piety under Trog
  7003 | D:6      | Found a snail-covered altar of Cheibriados.
  7618 | D:9      | Found a staircase to the Lair.
  7921 | D:9      | Found a staircase to the Orcish Mines.
  7947 | D:9      | Found a hazy altar of Hepliaklqana.
  7961 | D:9      | Reached skill level 10 in Armour
  8103 | D:9      | Found Syatsuif's Self-Improvement Boutique.
  9023 | Orc:1    | Entered Level 1 of the Orcish Mines
  9023 | Orc:1    | Noticed a kobold blastminer
  9023 | Orc:1    | Noticed a kobold blastminer
  9023 | Orc:1    | Noticed an orc sorcerer
  9023 | Orc:1    | Noticed an orc warlord
  9023 | Orc:1    | Noticed an orc sorcerer
  9024 | Orc:1    | Noticed Urug
  9141 | Orc:1    | Noticed a rust devil
  9142 | Orc:1    | HP: 3/91 [orc priest/divine providence[an orc warlord] (9)]
  9142 | Orc:1    | Mangled by an orc warlord

Illustrated notes

Levels and vault maps discovered:
D:1:      wheals_arrival_shading, layout_basic,
          chequers_ecumenical_altar_simple_redux
D:2:      minmay_evil_eye, layout_loops_cross, serial_shops, shop_coins,
          basic_altar, chequers_decorated_corner
D:3:      layout_rooms, uniq_sigmund, uniq_crazy_yiuf_cottage
D:4:      layout_basic, uniq_natasha
D:5:      layout_basic, nicolae_overflow_hallway_of_the_gods,
          mainiacjoe_overflow_tiny_flanked
D:6:      layout_loops_corners, mainiacjoe_overflow_alcove_2,
          kennysheep_slug_shrine, serial_shops, kennysheep_mini,
          uniq_prince_ribbit1, uniq_maggie
D:7:      layout_gridville, minmay_temple_entry_statues_pillars
D:8:      layout_basic, mainiacjoe_overflow_alcove_4, minitemple,
          dreamdust_gnoll_shepherd
D:9:      layout_stronghold, nicolae_hepliaklqana_hazy_memory, lair_entry_dummy,
          orc_0_dummy, fungi_pond_lemuel, nicolae_shop_self_help, uniq_grum
Orc:1:    layout_caves, lemuel_statue_altar, uniq_urug

Skill      XL: |  1  2  3  4  5  6  7  8  9 10 |
---------------+-------------------------------+-----
Maces & Flails | 4 6 7 8 10 12 13 | 13.8
Fighting       | 4 5 6 7 8 9 |  9.6
Armour         | 3 4 5 7 8 10 | 10.1
Dodging        | 3 4 |  4.1
Stealth        | |  0.4

Action                     |  1- 3 |  4- 6 |  7- 9 | 10-12 || total
---------------------------+-------+-------+-------+-------++-------
  Melee: Mace              |    66 |   125 |   108 |       ||   299
         Headbutt          |    10 |    14 |    51 |    28 ||   103
         Morningstar       |       |       |   139 |   132 ||   271
 Invoke: Trog's Hand       |       |     5 |    21 |    16 ||    42
         Berserk           |       |     3 |     4 |     3 ||    10
    Use: Scroll            |       |       |       |     8 ||     8
 Armour: Animal skin       |     3 |       |       |       ||     3
         Chain mail        |    37 |    88 |   124 |   142 ||   391
         Plate armour      |       |       |    31 |       ||    31
  Dodge: Dodged            |    28 |    55 |   169 |   131 ||   383

Table legend: (Time is in decaauts)
 A = Elapsed time spent in this place.
 B = Non-inter-level travel time spent in this place.
 C = Inter-level travel time spent in this place.
 D = Time resting spent in this place.
 E = Time spent auto-exploring this place.
 F = Levels seen in this place.
 G = Mean time per level.
                   A        B        C        D        E       F      G
               +--------+--------+--------+--------+--------+-----+--------+
         Total |   9245 |   7865 |   1380 |      0 |   5491 |  10 |  924.5 |
       Dungeon |   9239 |   7859 |   1380 |      0 |   5491 |   9 | 1026.6 |
  Orcish Mines |      5 |      5 |      0 |      0 |      0 |   1 |    5.0 |
               +--------+--------+--------+--------+--------+-----+--------+

Top non-repeatable levels by time:
     D:9: 1709 daAuts
     D:6: 1294 daAuts
     D:7: 1043 daAuts
     D:8: 1031 daAuts
     D:4: 1008 daAuts
     D:5: 997 daAuts
     D:3: 842 daAuts
     D:2: 724 daAuts
     D:1: 588 daAuts
   Orc:1: 5 daAuts
